 Dungeon Crawl Stone Soup version 0.18-a0-1468-gaf180a1 (webtiles) character file.

1058 PierrePorte the Fighter (level 8, -4/75 HPs)
             Began as a Centaur Warper on Mar 1, 2016.
             Was an Initiate of Okawaru.
             Blown up by an orc wizard (13 damage)
             ... with a wand of disintegration
             ... on level 6 of the Dungeon.
             The game lasted 00:36:20 (7378 turns).

PierrePorte the Fighter (Centaur Warper)            Turns: 7378, Time: 00:36:20

Health: -4/75      AC:  7    Str: 14    XL:     8   Next: 6%
Magic:  10/10      EV:  7    Int: 12    God:    Okawaru [......]
Gold:   232        SH:  0    Dex: 11    Spells: 3 memorised, 4 levels left

rFire  . . .     SeeInvis .     a - +2 spear (vamp)
rCold  . . .     Gourm    .     C - +0 scale mail
rNeg   . . .     Faith    .     (no shield)
rPois  .         Spirit   .     (no helmet)
rElec  .         Dismiss  .     p - +0 cloak
rCorr  .         Reflect  .     (no gloves)
SustAt .         Harm     .     (no barding)
MR     .....                    (no amulet)
Stlth  ..........               (no ring)
                                (no ring)

@: very quick, not resistant to hostile enchantments, extremely unstealthy
A: hooves 3, deformed body, speed 2, tough skin 3
a: Renounce Religion


You were on level 6 of the Dungeon.
You worshipped Okawaru.
Okawaru was noncommittal.
You were not hungry.

You visited 2 branches of the dungeon, and saw 7 of its levels.

You collected 232 gold pieces.

Inventory:

Hand Weapons
 a - a +2 vampiric spear (weapon)
 b - a +0 hunting sling
 A - a +0 spear
 B - a -2 flail
 J - a +0 greatsling
Missiles
 e - 5 tomahawks of dispersal (quivered)
 g - 284 stones
 i - 32 arrows
 j - 29 poisoned needles
 m - 33 sling bullets
 x - 14 bolts
 L - 2 tomahawks
Armour
 p - a +0 cloak (worn)
 q - a +0 chain mail
 w - a +0 leather armour
 C - a +0 scale mail (worn)
Magical Staves
 P - an uncursed staff of power {unknown}
Jewellery
 O - a +5 ring of dexterity {unknown}
Wands
 K - a wand of slowing (35/48)
 Q - a wand of iceblast (0/15)
 R - a wand of digging (9/24)
Scrolls
 d - a scroll of immolation {unknown}
 n - 6 scrolls of identify
 o - a scroll of fear
 r - 4 scrolls of magic mapping {unknown}
 v - 5 scrolls of teleportation {unknown}
 y - 3 scrolls of recharging
 E - a scroll of noise {unknown}
 F - 2 scrolls of fog {unknown}
 I - 2 scrolls of enchant weapon
 M - 3 scrolls of remove curse
 N - a scroll of blinking
 T - a scroll of random uselessness {unknown}
Potions
 h - a potion of flight {unknown}
 k - a potion of lignification {unknown}
 l - 3 potions of degeneration {unknown}
 s - a potion of curing {unknown}
 t - a potion of heal wounds {unknown}
 z - 5 potions of invisibility
 D - a potion of ambrosia {unknown}
 G - a potion of cure mutation {unknown}
Books
 c - a book of Spatial Translocations

   Spells                             Type                      Level
   a - Apportation                    Translocation                1
   b - Blink                          Translocation                2
   c - Shroud of Golubria             Charms/Translocation         2
   d - Portal Projectile              Translocation                3
   e - Teleport Other                 Translocation                3
   f - Passage of Golubria            Translocation                4
 u - a book of Power

   Spells                             Type                      Level
   a - Fulminant Prism                Conjuration/Hexes            4
   b - Iskenderun's Mystic Blast      Conjuration                  4
   c - Venom Bolt                     Conjuration/Poison           5
   d - Bolt of Magma                  Conjuration/Fire/Earth       5
   e - Iron Shot                      Conjuration/Earth            6
   f - Orb of Destruction             Conjuration                  7
   g - Spellforged Servitor           Conjuration/Summoning        7
Miscellaneous
 H - a plain deck of summoning
Comestibles
 f - 3 bread rations


   Skills:
 + Level 8.6 Fighting
 - Level 2.7 Polearms
 - Level 1.1 Throwing
 - Level 0.6 Armour
 - Level 1.3 Dodging
 - Level 1.5 Spellcasting
 - Level 4.1 Translocations


You had 4 spell levels left.
You knew the following spells:

 Your Spells              Type           Power        Failure   Level  Hunger
a - Apportation           Tloc           ##........   24%         1    ##.....
b - Blink                 Tloc           N/A          34%         2    ###....
c - Teleport Other        Tloc           ##......     73%         3    ####...


Dungeon Overview and Level Annotations

Branches:
Dungeon (6/15)             Temple (1/1) D:5

Altars:
Ashenzari
Cheibriados
Dithmenos
Elyvilon
Fedhas
Gozag
Kikubaaqudgha
Makhleb
Nemelex Xobeh
Okawaru
Pakellas
Qazlal
Sif Muna
Trog
Vehumet
Yredelemnul
Zin
The Shining One

Shops:
D:5 (


Innate Abilities, Weirdness & Mutations

You have hooves in place of feet.
Armour fits poorly on your strangely shaped body.
You cover ground very quickly.
You have extremely tough skin (AC +3).


Message History

You kick the orc warrior, but do no damage.
The orc warrior is almost dead.
You hit the orc warrior.
You kill the orc warrior!
Okawaru is honoured by your kill.
You have reached level 8!
You feel agile.
You hit the orc wizard.
You feel better.
The orc wizard is moderately wounded.
The orc wizard zaps a wand.
You struggle to resist.
It is a wand of disintegration.
The orc wizard casts a cantrip, but nothing happens.
There is a stone staircase leading down here.
The orc wizard casts a cantrip, but nothing happens.
Found a metal-bound book.
You are too injured to fight recklessly!
The orc wizard zaps a wand.
You are blasted!
* * * LOW HITPOINT WARNING * * *
The orc wizard zaps a wand.
You are blasted!
You die...

#....................
####################.
#. ### ## ##.## #.
##...##########.#
#...o.o.oo.....#
#.#######..o#########.#
#.:....@...## #.##
#.########## ##o# ##.
## # . ##


You could see an orc wizard and 2 orcs.

Vanquished Creatures
  Menkaure (D:6)
  Edmund (D:5)
  An orc warrior (D:6)
  2 ogres
  A giant frog (D:6)
  A scorpion (D:4)
  A crimson imp (D:6)
  3 hounds
  2 orc priests
  An iguana (D:4)
  An orc wizard (D:3)
  A hound skeleton (D:4)
  A worker ant zombie (D:5)
  7 adders
  2 gnolls (D:4)
  3 oozes
  4 worms
  A dart slug (D:2)
  3 giant geckos
  19 orcs
  4 ball pythons
  2 giant cockroaches
  7 goblins
  6 hobgoblins
  3 jackals (D:2)
  A quokka (D:4)
  9 bats
  A giant gecko skeleton (D:6)
  3 giant newts
  6 kobolds
  14 rats
112 creatures vanquished.

Notes
Turn   | Place    | Note
--------------------------------------------------------------
     0 | D:1      | PierrePorte the Centaur Warper began the quest for the Orb.
     0 | D:1      | Reached XP level 1. HP: 17/17 MP: 3/3
   182 | D:1      | You fall through a shaft!
   324 | D:2      | Reached XP level 2. HP: 12/25 MP: 4/4
   933 | D:1      | Reached XP level 3. HP: 30/30 MP: 5/5
  1318 | D:1      | Reached skill level 3 in Fighting
  1449 | D:2      | Found a glowing golden altar of the Shining One.
  2103 | D:2      | Learned a level 2 spell: Blink
  2310 | D:3      | Reached XP level 4. HP: 23/39 MP: 6/6
  2815 | D:3      | Noticed an ogre
  2889 | D:2      | Killed an ogre
  2889 | D:2      | Reached skill level 4 in Fighting
  2889 | D:2      | Reached XP level 5. HP: 45/47 MP: 7/7
  4444 | D:3      | Reached XP level 6. HP: 53/53 MP: 8/8
  4476 | D:2      | Found a shadowy altar of Dithmenos.
  4664 | D:4      | Found a sparkling altar of Nemelex Xobeh.
  4801 | D:4      | Found a burning altar of Makhleb.
  4811 | D:4      | Reached skill level 5 in Fighting
  4814 | D:4      | Found a bloodstained altar of Trog.
  4860 | D:4      | Found a snail-covered altar of Cheibriados.
  5059 | D:4      | Found an ancient bone altar of Kikubaaqudgha.
  5485 | D:4      | Reached skill level 6 in Fighting
  5636 | D:5      | Entered Level 5 of the Dungeon
  5657 | D:5      | Found Lidden's Antique Weapon Emporium.
  5696 | D:5      | Found a staircase to the Ecumenical Temple.
  5703 | Temple   | Entered the Ecumenical Temple
  6020 | D:5      | Found a radiant altar of Vehumet.
  6155 | D:5      | Reached XP level 7. HP: 62/64 MP: 9/9
  6206 | D:5      | Found a glowing silver altar of Zin.
  6500 | D:6      | Found a basalt altar of Yredelemnul.
  6516 | D:6      | Noticed Edmund
  6599 | D:5      | Killed Edmund
  6599 | D:5      | Reached skill level 7 in Fighting
  6684 | D:6      | Found an opulent altar of Gozag.
  6719 | D:6      | Learned a level 3 spell: Teleport Other
  6892 | D:6      | Found a sand-covered staircase.
  6976 | D:6      | Found an iron altar of Okawaru.
  6986 | D:6      | Became a worshipper of Warmaster Okawaru
  7062 | D:6      | Noticed Menkaure
  7084 | D:6      | Killed Menkaure
  7084 | D:6      | Reached skill level 8 in Fighting
  7372 | D:6      | Reached XP level 8. HP: 15/75 MP: 10/10
  7378 | D:6      | Blown up by an orc wizard

Vault maps used:
D:1:      dpeg_arrival_lava_temple_mockup
D:2:      nicolae_overflow_hidden_temple, tso_altar
D:3:      small_statue_intersection, grunt_ministairs_9
D:4:      overflow_temple_1_default, nemelex_deck, cheibriados_altar_wand_db,
          amethyst_overflow_temple_binary, minivault_14
D:5:      lemuel_round_altar, vehumet_crystals,
          minmay_temple_entry_purple_smoke, first_bread, serial_shops, shop
D:6:      old_standard_altar, lemuel_coloured_pillars_altar,
          lemuel_doored_altar, nicolae_ossuary_entry_monument,
          grunt_decor_mini_mirrors, grunt_gozag_statues, uniq_edmund,
          uniq_menkaure, uniq_prince_ribbit1
Temple:   nicolae_temple_great_sept

Skill      XL: |  1  2  3  4  5  6  7 |
---------------+----------------------+-----
Translocations | 3 4 |  4.1
Fighting       | 3 4 6 8 |  8.6
Polearms       | 2 |  2.7
Throwing       | |  1.1
Armour         | |  0.6
Dodging        | |  1.3
Spellcasting   | |  1.5

Action                   |  1- 3 |  4- 6 |  7- 9 || total
-------------------------+-------+-------+-------++-------
Melee: Spear             |   214 |   225 |   155 ||   594
 Fire: Hunting sling     |    12 |    19 |       ||    31
Evoke: Wand              |       |       |     4 ||     4
  Use: Scroll            |     1 |     5 |       ||     6
 Stab: Distracted        |       |     1 |       ||     1
  Eat: Chunk             |     3 |     7 |     1 ||    11
       Bread ration      |       |     1 |       ||     1
       Pizza             |       |     1 |       ||     1
       Meat ration       |       |       |     1 ||     1
